 Dungeon Crawl Stone Soup version 0.31-a0-204-g7da18cac08 (webtiles) character file.

Game seed: 17872679665728432541

35 qw the Shooter (level 3, -3/20 HPs)
             Began as a Deep Elf Hunter on June 27, 2023.
             Slain by a hobgoblin (6 damage)
             ... led by Robin
             ... on level 2 of the Dungeon.
             The game lasted 00:00:17 (549 turns).

qw the Shooter (Deep Elf Hunter)                     Turns: 549, Time: 00:00:18

Health: -3/20      AC:  6    Str: 10    XL:     3   Next: 16%
Magic:  5/5        EV:  9    Int: 13    God:
Gold:   22         SH:  0    Dex: 18    Spells: 2/2 levels left

rFire   . . .        a - +0 shortbow
rCold   . . .        (shield currently unavailable)
rNeg    . . .        j - +0 scale mail
rPois   .            (no helmet)
rElec   .            (no cloak)
rCorr   .            (no gloves)
SInv    .            (no boots)
Will    .....        d - amulet of regeneration
Stlth   +            (no ring)
HPRegen 1.03/turn    (no ring)
MPRegen 0.09/turn

%: no passive effects
@: no status effects
A: no striking features
a: no special abilities


You were on level 2 of the Dungeon.
You visited 1 branch of the dungeon, and saw 2 of its levels.

You collected 22 gold pieces.


   Skills:
 - Level 1.5 Fighting
 + Level 6.7 Ranged Weapons
 - Level 2.4 Dodging
 - Level 1.2 Stealth


You had 2 spell levels left.
You didn't know any spells.
Your spell library was empty.

Inventory:

Hand Weapons
 a - a +0 shortbow (weapon)
Armour
 j - a +0 scale mail (worn)
Jewellery
 d - an amulet of regeneration (around neck)
Potions
 e - a potion of brilliance {unknown}
 f - a potion of enlightenment {unknown}
 g - a potion of heal wounds {unknown}
 i - a potion of degeneration {unknown}
 k - a potion of curing {unknown}
 l - a potion of haste {unknown}

Dungeon Overview and Level Annotations

Branches:
Dungeon (2/15)

Altars:

Annotations:
D:2 Robin


Message History

You shoot an arrow.
The arrow hits the goblin but does no damage.
The goblin is severely wounded.
The goblin barely misses you.
The hobgoblin hits you but does no damage.
The hobgoblin hits you.
You shoot an arrow. The arrow barely misses the goblin.
The hobgoblin no longer looks unusually strong.
The goblin no longer looks unusually strong.
The goblin closely misses you. The hobgoblin barely misses you.
Robin roars a battlecry!
The goblins go into a battle-frenzy!
The hobgoblin hits you but does no damage.
The goblin hits you but does no damage. The hobgoblin barely misses you.
The hobgoblin hits you.
You shoot an arrow. The arrow hits the goblin.
You kill the goblin!
The goblin no longer looks unusually strong.
The hobgoblin no longer looks unusually strong.
The hobgoblin hits you but does no damage.
The hobgoblin hits you. Robin hits you but does no damage.
You shoot an arrow. The arrow barely misses the hobgoblin.
The hobgoblin hits you. The hobgoblin misses you.
Robin hits you from afar with a +0 spear.
The hobgoblin barely misses you.
Robin roars a battlecry!
The goblins go into a battle-frenzy!
The hobgoblin hits you.
You shoot an arrow. The arrow hits the hobgoblin.
The hobgoblin is heavily wounded.
The hobgoblin closely misses you.
The hobgoblin hits you but does no damage.
Robin throws the goblin at you!
You shoot an arrow. The arrow hits the hobgoblin.
You kill the hobgoblin!
The hobgoblin hits you. The goblin hits you with a +0 club.
Robin throws the goblin at you! The goblin hits you with a +0 club.
You shoot an arrow. The arrow barely misses the goblin.
The hobgoblin hits you.
You die...

. .#
.###
#)..
##..#
#g!#
##g#
#g@#
#...g##
#..####
#...
#.. ..
.


You could see Robin, a hobgoblin (strong) and 2 goblins.

Vanquished Creatures
  A ball python (D:1)
  An endoplasm (D:1)
  3 giant cockroaches (D:1)
  13 goblins
  3 hobgoblins
  2 bats (D:1)
  A frilled lizard (D:2)
  2 kobolds (D:1)
  3 rats (D:1)
29 creatures vanquished.

Notes
Turn   | Place    | Note
-------+----------+-------------------------------------------
     0 | D:1      | qw the Deep Elf Hunter began the quest for the Orb.
     0 | D:1      | Reached XP level 1. HP: 12/12 MP: 3/3
     0 | D:1      | 0 ||| qw: Version: 0.3-a-22-g0ed2b0b
     0 | D:1      | 0 ||| qw: Game counter: 6489
     0 | D:1      | 0 ||| qw: Melee chars always use a shield: true
     0 | D:1      | 0 ||| qw: God list: Okawaru
     0 | D:1      | 0 ||| qw: Allow faded altars: false
     0 | D:1      | 0 ||| qw: Do Orc after clearing Dungeon:15 true
     0 | D:1      | 0 ||| qw: Do second Lair branch before Depths: true
     0 | D:1      | 0 ||| qw: Lair rune preference: random
     0 | D:1      | 0 ||| qw: Goals: Normal
     0 | D:1      | 0 ||| PLANNING D:1-11
    64 | D:1      | 64 ||| FLEEEEING.
    65 | D:1      | 65 ||| FLEEEEING.
    66 | D:1      | 66 ||| FLEEEEING.
    97 | D:1      | Reached skill level 6 in Ranged Weapons
    97 | D:1      | Reached XP level 2. HP: 16/16 MP: 4/4
   485 | D:1      | 485 ||| UPGRADING to +0 scale mail.
   495 | D:1      | 495 ||| DROPPING +0 leather armour.
   496 | D:1      | 496 ||| UPGRADING to amulet of regeneration.
   501 | D:1      | 501 ||| DROPPING amulet of the acrobat.
   502 | D:1      | 502 ||| DROPPING scroll of butterflies.
   530 | D:2      | Noticed Robin
   535 | D:2      | Reached XP level 3. HP: 15/20 MP: 5/5
   546 | D:2      | HP: 3/20 [hobgoblin[Robin] (5)]
   548 | D:2      | HP: 1/20 [goblin/+0 club[Robin] (2)]
   549 | D:2      | Slain by a hobgoblin

Levels and vault maps discovered:
D:1:      erik_arrival_orb_chamber, layout_rooms, minmay_misc_feat_plants
D:2:      layout_rooms, uniq_natasha, uniq_robin

Skill      XL: |  1 |
---------------+----+-----
Ranged Weapons | 6 |  6.7
Fighting       | |  1.5
Dodging        | |  2.4
Stealth        | |  1.2

Action                     || total
---------------------------++-------
   Fire: Shortbow          ||    71
 Armour: Leather armour    ||     6
         Scale mail        ||    22
  Dodge: Dodged            ||    29

Table legend:
 A = Non-vault XP
 B = Vault XP
 C = Vault XP percentage of total XP
 D = Non-vault monster count
 E = Vault monster count
 F = Vault count percentage of total count
                 A         B        C        D         E       F
            +---------+---------+-------+---------+---------+-------
      Total |      37 |      13 |  26.0 |      22 |       7 |  24.1
            +---------+---------+-------+---------+---------+-------
        D:1 |      36 |       0 |   0.0 |      21 |       0 |   0.0
        D:2 |       1 |      13 |  92.9 |       1 |       7 |  87.5
            +---------+---------+-------+---------+---------+-------
